 Dungeon Sprint DCSS version 0.18.1-8-gdd0e5ea (webtiles) character file.

140 Hipnos the Transmogrifier (level 5, 0/33 HPs)
             Began as an Octopode Transmuter on May 21, 2016.
             Slain by a slime creature (10 damage)
             ... in the Dungeon (Sprint I: "Red Sonja").
             The game lasted 00:02:38 (163 turns).

Hipnos the Transmogrifier (Octopode Transmuter)      Turns: 163, Time: 00:02:38

Health: 0/33       AC:  1    Str: 10    XL:     5   Next: 23%
Magic:  0/9        EV: 13    Int: 16    God:
Gold:   162        SH:  0    Dex: 12    Spells: 3 memorised, 4 levels left

rFire  . . .     SeeInvis .       - Unarmed
rCold  . . .     Gourm    .     (no shield)
rNeg   . . .     Faith    .     (helmet restricted)
rPois  .         Spirit   .     (no amulet)
rElec  .         Dismiss  .     (no ring)
rCorr  .         Reflect  .     (no ring)
SustAt .         Harm     .     (no ring)
MR     .....     NoTele   +     (no ring)
Stlth  ++........               (no ring)
                                (no ring)
                                (no ring)
                                (no ring)

@: appendage, not resistant to hostile enchantments, unstealthy
A: almost no armour, amphibious, 8 rings, constrict 8, tentacle spike 3,
camouflage 1, gelatinous body 1
a: End Transformation


You were in the Dungeon.
You were not hungry.
One of your tentacles had a temporary spike.
You visited 1 branch You collected 162 gold pieces.

Inventory:

Missiles
 a - an arrow
Scrolls
 i - a scroll of blinking
Potions
 d - a potion of curing
 e - a potion of heal wounds
 f - a potion of haste
 g - 2 potions of magic
 h - a potion of berserk rage
Books
 b - a book of Changes

   Spells                             Type                      Level
   a - Beastly Appendage              Transmutation                1
   b - Sticks to Snakes               Transmutation                2
   c - Spider Form                    Transmutation/Poison         3
   d - Ice Form                       Ice/Transmutation            4
   e - Blade Hands                    Transmutation                5
Comestibles
 c - a bread ration
 j - 5 chunks of flesh


   Skills:
 + Level 1.3 Fighting
 + Level 2.8 Dodging
 + Level 5.6 Unarmed Combat
 + Level 3.3 Spellcasting
 * Level 8.2 Transmutations


You had 4 spell levels left.
You knew the following spells:

 Your Spells              Type           Power        Failure   Level  Hunger
a - Beastly Appendage     Trmt           ####..       1%          1    None
b - Sticks to Snakes      Trmt           ####....     1%          2    ##.....
c - Spider Form           Trmt/Pois      ###.......   12%         3    ###....


Dungeon Overview and Level Annotations

Branches:
Dungeon (1/1)

Altars:
Cheibriados
Dithmenos
Fedhas
Jiyva


Innate Abilities, Weirdness & Mutations

You cannot wear most types of armour.
You are amphibious.
You can wear up to eight rings at the same time.
You can use your tentacles to constrict eight enemies at once.
Your skin changes colour to match your surroundings (Stealth).
Your rubbery body absorbs attacks (AC +1).
One of your tentacles bears a large vicious spike.


Message History

There is an open door here.
Something bites the slime creature but does no damage.
Your ball python bites the slime creature but does no damage.
You bludgeon the slime creature!
The slime creature is moderately wounded.
Your ball python bites the slime creature but does no damage.
The slime creature completely misses you.
Casting: Sticks to Snakes
Confirm with . or Enter, or press ? or * to list all spells.
One of your tentacles grows a vicious spike.
Your ball python completely misses the slime creature.
The slime creature hits you!
Your adder withers and dies!
Your ball python bites the slime creature but does no damage.
The slime creature closely misses you.
Your ball python bites the slime creature.
Things that are here:
a scythe; a robe You swap places.
The slime creature hits you!
You die...

################ ##
#<.#..'..#.S@S.#__#
#..)÷.#..'.J#..'..+
#..#####'#####+#__#
#..# #..# ## #..#
#### #..# #⌠⌠# ####


You could see a slime creature and 2 friendly ball pythons.

Vanquished Creatures
  Ijyb (D)
1 creature vanquished.

Vanquished Creatures (collateral kills)
  Sigmund (D)
  An ogre (D)
2 creatures vanquished.

Grand Total: 3 creatures vanquished

Notes
Turn   | Place    | Note
--------------------------------------------------------------
     0 | D        | Hipnos the Octopode Transmuter began the quest for the Orb.
     0 | D        | Reached XP level 1. HP: 13/13 MP: 3/3
     2 | D        | Noticed Ijyb
     8 | D        | Killed Ijyb
     8 | D        | Reached skill level 6 in Transmutations
     8 | D        | Reached XP level 2. HP: 15/18 MP: 3/5
     8 | D        | Reached XP level 3. HP: 20/23 MP: 3/6
    36 | D        | Learned a level 2 spell: Sticks to Snakes
    40 | D        | Learned a level 3 spell: Spider Form
    42 | D        | Noticed an ogre
    59 | D        | Killed an ogre
    59 | D        | Reached skill level 7 in Transmutations
    59 | D        | Reached XP level 4. HP: 28/28 MP: 1/7
   121 | D        | Noticed Sigmund
   130 | D        | Killed Sigmund
   130 | D        | Reached skill level 5 in Unarmed Combat
   130 | D        | Reached skill level 8 in Transmutations
   130 | D        | Reached XP level 5. HP: 20/33 MP: 4/9
   145 | D        | Found a snail-covered altar of Cheibriados.
   145 | D        | Found a viscous altar of Jiyva.
   145 | D        | Found a shadowy altar of Dithmenos.
   145 | D        | Found a blossoming altar of Fedhas.
   145 | D        | Noticed a slime creature
   163 | D        | Slain by a slime creature

Skill      XL: |  1  2  3  4 |
---------------+-------------+-----
Transmutations | 6 7 8 |  8.2
Unarmed Combat | 4 5 |  5.6
Spellcasting   | 3 |  3.3
Fighting       | |  1.3
Dodging        | |  2.8

Action                   |  1- 3 |  4- 6 || total
-------------------------+-------+-------++-------
Melee: Unarmed           |     5 |     1 ||     6
       Kick              |     3 |       ||     3
       Constrict         |     1 |       ||     1
       Tentacles         |     1 |       ||     1
 Cast: Beastly Appendage |     2 |     1 ||     3
       Sticks to Snakes  |     3 |     5 ||     8
Dodge: Dodged            |     2 |     3 ||     5
